 Dungeon Crawl Stone Soup version 0.17-a0-1941-gcc30b76 (webtiles) character file.

60 Kuldar the Cudgeler (level 3, -4/54 HPs)
             Began as a Troll Berserker on Sept 30, 2015.
             Was a Believer of Trog.
             Slain by a gnoll
             ... wielding a +0 halberd
              (17 damage)
             ... on level 3 of the Dungeon.
             The game lasted 00:05:09 (1515 turns).

Kuldar the Cudgeler (Troll Berserker)               Turns: 1515, Time: 00:05:10

Health: -4/54      AC:  5    Str: 31    XL:     3   Next: 82%
Magic:  2/2        EV: 10    Int:  3    God:    Trog [**....]
Gold:   151        SH:  0    Dex:  9    Spells: 0 memorised, 2 levels left

rFire  . . .     SeeInvis .     a - +0 mace
rCold  . . .     Clarity  .     b - +0 animal skin
rNeg   . . .     SustAt   .     (no shield)
rPois  .         Gourm    +     (helmet restricted)
rElec  .         Spirit   .     (no cloak)
rCorr  .         Warding  .     (gloves unavailable)
rMut   .         Stasis   .     (boots unavailable)
MR     .....                    (no amulet)
Stlth  ..........               (no ring)
                                (no ring)

@: berserking, very quick, not resistant to hostile enchantments, extremely
unstealthy
A: unfitting armour, claws 3, fast metabolism 3, gourmand, regeneration 2,
shaggy fur 1, tough skin 2
a: Burn Spellbooks, Berserk, Trog's Hand, Renounce Religion


You were on level 3 of the Dungeon.
You worshipped Trog.
Trog was pleased with you.
You were not hungry.

You visited 1 branch of the dungeon, and saw 3 of its levels.

You collected 151 gold pieces.

Inventory:

Hand weapons
 a - a +0 mace (weapon)
Armour
 b - a +0 animal skin (worn)
Scrolls
 d - a scroll of identify {unknown}
 e - 2 scrolls of teleportation {unknown}
 f - a scroll of magic mapping {unknown}
 i - 2 scrolls of fear {unknown}
 k - a scroll of noise {unknown}
Potions
 g - a potion of degeneration {unknown}
 h - a potion of cure mutation {unknown}
 j - a potion of ambrosia {unknown}
Comestibles
 c - 4 bread rations


   Skills:
 + Level 2.8 Fighting
 + Level 3.3 Maces & Flails
 + Level 3.0 Dodging


You had 2 spell levels left.
You didn't know any spells.

Dungeon Overview and Level Annotations

Branches:
Dungeon (3/15)

Altars:


Innate Abilities, Weirdness & Mutations

You are too large for most types of armour.
You have claws for hands.
Your metabolism is lightning-fast.
You like to eat raw meat.
You heal very quickly.
You are covered in fur (AC +1).
You have very tough skin (AC +2).


Message History

Use which ability?
You fail to use your ability.
The gnoll misses you.
Use which ability?
A red film seems to cover your vision as you go berserk!
You feel yourself moving faster!
You feel mighty!
You feel somewhat more hungry.
The gnoll hits you from afar with a spear!
You feel a strong urge to attack something.
The gnoll hits you with a spear!
* * * LOW HITPOINT WARNING * * *
You sock the gnoll!
The gnoll is severely wounded.
You thump the gnoll!
You kill the gnoll!
Trog accepts your kill.
You hit the gnoll.
The gnoll is moderately wounded.
The gnoll hits you with a halberd!
You die...

#.........#.#####.# #.#.......#.#
#.# ####.###.#####.#####.#
.............#.#.....#######
.............#.#...........#
.............#.#..#...####.######
...........g.#.#..#.#.# ##...#...
.............#.#..#.#.#.####.#.##
.............#.#@.#.#.#....#.#.#
..........รท...gg..#.#.#.##.#.#.#
.............###..#........#.#.##
...........................#.....
............####..###.####...#.##
............###..................
...................#..#####....#.
............###..#.#.............
.................<.#.######.#..#.


You could see a gnoll and a hobgoblin.

Vanquished Creatures
  A gnoll (D:3)
  2 adders (D:3)
  3 giant geckos
  3 giant cockroaches (D:1)
  4 hobgoblins
  4 jackals (D:2)
  3 bats
  4 goblins
  A kobold (D:1)
  4 rats
29 creatures vanquished.

Vanquished Creatures (others)
  An ooze (D:1)
1 creature vanquished.

Grand Total: 30 creatures vanquished

Notes
Turn   | Place    | Note
--------------------------------------------------------------
     0 | D:1      | Kuldar the Troll Berserker began the quest for the Orb.
     0 | D:1      | Reached XP level 1. HP: 22/22 MP: 0/0
   222 | D:1      | Reached skill level 3 in Maces & Flails
   222 | D:1      | Reached XP level 2. HP: 29/29 MP: 1/1
  1122 | D:2      | Acquired Trog's second power
  1212 | D:2      | Reached XP level 3. HP: 33/36 MP: 2/2
  1515 | D:3      | Slain by a gnoll

Vault maps used:
D:1:      shiori_arrival_elements, dk_noncrumbling_3
D:2:      first_bread, lemuel_another_geyser
D:3:      minitemple

Action                   || total
-------------------------++-------
Melee: Mace              ||    93
Invok: Berserk           ||     1
  Eat: Chunk             ||    13
